NCAA
CREIGHTON BLUE JAYS @ MARYLAND TERRAPINS
04/20/2026
 
TOP OF THE 1ST
Creighton Blue Jays batting - Pitching for Maryland Terrapins : RHP Gregory Martínez
Pitching: RHP Gregory Martínez
Batting: SHB Mario Trujillo 0-0: Called Strike
0-1: Ball
1-1: SOLO HOME RUN (Flyball, 9D), Distance : 354 ft
Batting: RHB Bernard Samuels 0-0: Called Strike
0-1: Ball
1-1: Ground out 6-3 (Groundball, 6)
Batting: LHB Jonathon Terry 0-0: Ball
1-0: Ball
2-0: Called Strike
2-1: Foul Ball, location: 2F
2-2: Ball
3-2: Base on Balls
Batting: LHB Michael Edwards 0-0: Ball
1-0: Called Strike
1-1: Fly out, F8 (Flyball, 8RXD)
Batting: RHB Félix Escamilla 0-0: Swinging Strike
0-1: Ball
Wild Pitch!
Jonathon Terry to second
1-1: Swinging Strike
1-2: Ball
2-2: SINGLE (Line Drive, 6MD)
Jonathon Terry to third
Runner from 3rd tries for Home, SAFE, no throw or cutoff
Batting: SHB Tom Johnson 0-0: Ball
1-0: Ball
2-0: Ground out 3-1 (Groundball, 34)
Top of the 1st over - 2 run(s), 2 hit(s), 0 error(s), 1 left on base; Creighton 2 - Maryland 0
BOTTOM OF THE 1ST
Maryland Terrapins batting - Pitching for Creighton Blue Jays : RHP Jason Jones
Pitching: RHP Jason Jones
Batting: LHB Edmund Stone 0-0: Ball
1-0: Called Strike
1-1: SINGLE (Flyball, 6MD)
Batting: RHB Louis Vance 0-0: Called Strike
0-1: Called Strike
0-2: Ball
1-2: Foul Ball, location: 2F
1-2: Strikes out looking
Edmund Stone is caught stealing 2nd base
Batter strikes out.
Batting: RHB Bill Smith 0-0: Ball
1-0: SINGLE (Groundball, 56D)
Batting: SHB Dan Chandler 0-0: Called Strike
0-1: Hit by Pitch
Bill Smith to second
Batting: RHB Ed Waddell 0-0: Ground out 4-3 (Groundball, 4)
Bottom of the 1st over - 0 run(s), 2 hit(s), 0 error(s), 2 left on base; Creighton 2 - Maryland 0
TOP OF THE 2ND
Creighton Blue Jays batting - Pitching for Maryland Terrapins : RHP Gregory Martínez
Batting: LHB Randy Ortíz 0-0: Swinging Strike
0-1: Foul Ball, location: 2F
0-2: Ball
1-2: Ball
2-2: Strikes out swinging
Batting: RHB Matt Cole 0-0: Called Strike
0-1: Swinging Strike
0-2: Foul Ball, location: 2F
0-2: Ball
1-2: Foul Ball, location: 2F
1-2: Ball
2-2: Foul Ball, location: 2F
2-2: Foul Ball, location: 2F
2-2: Ball
3-2: Base on Balls
Batting: RHB Jesús López 0-0: Ball
Matt Cole is caught stealing 2nd base
1-0: Foul Ball, location: 2F
1-1: Swinging Strike
1-2: Ball
2-2: Foul Ball, location: 2F
2-2: Strikes out looking
Top of the 2nd over - 0 run(s), 0 hit(s), 0 error(s), 0 left on base; Creighton 2 - Maryland 0
BOTTOM OF THE 2ND
Maryland Terrapins batting - Pitching for Creighton Blue Jays : RHP Jason Jones
Batting: RHB Artie Turner 0-0: Ball
1-0: Ball
2-0: Ball
3-0: Called Strike
3-1: Base on Balls
Batting: LHB Gary Powers 0-0: Foul Ball, location: 2F
0-1: Ball
1-1: SINGLE (Flyball, 8RS)
Artie Turner to second
Batting: RHB Luis González 0-0: Foul Ball, location: 2F
0-1: Swinging Strike
0-2: Foul Ball, location: 2F
0-2: Ball
1-2: Strikes out swinging
Batting: RHB Scott Wheeler 0-0: Swinging Strike
0-1: Ball
1-1: Fly out, F9 (Flyball, 9LM)
Batting: LHB Edmund Stone 0-0: Called Strike
0-1: Foul Ball, location: 2F
0-2: Strikes out looking
Bottom of the 2nd over - 0 run(s), 1 hit(s), 0 error(s), 2 left on base; Creighton 2 - Maryland 0
TOP OF THE 3RD
Creighton Blue Jays batting - Pitching for Maryland Terrapins : RHP Gregory Martínez
Batting: SHB Mario Trujillo 0-0: Ball
1-0: Called Strike
1-1: Swinging Strike
1-2: Ball
2-2: Fly out, F7 (Line Drive, 78M)
Batting: RHB Bernard Samuels 0-0: Swinging Strike
0-1: Foul Ball, location: 2F
0-2: Fly out, F9 (Flyball, 9LMF)
Batting: LHB Jonathon Terry 0-0: Swinging Strike
0-1: Ball
1-1: Swinging Strike
1-2: Strikes out swinging
Top of the 3rd over - 0 run(s), 0 hit(s), 0 error(s), 0 left on base; Creighton 2 - Maryland 0
BOTTOM OF THE 3RD
Maryland Terrapins batting - Pitching for Creighton Blue Jays : RHP Jason Jones
Batting: RHB Louis Vance 0-0: Foul Ball, location: 2F
0-1: Foul Ball, location: 2F
0-2: Hit by Pitch
Batting: RHB Bill Smith 0-0: DOUBLE (Line Drive, 5L)
Louis Vance to third
Batting: SHB Dan Chandler 0-0: Ball
1-0: Ground out 1-3 (Groundball, 13S)
Batting: RHB Ed Waddell 0-0: Ball
1-0: Foul Ball, location: 2F
1-1: Ball
2-1: SINGLE (Groundball, 15S) (infield hit)
Batting: RHB Artie Turner 0-0: Ball
1-0: Ball
2-0: Ball
3-0: Called Strike
3-1: Called Strike
3-2: Foul Ball, location: 2F
3-2: Foul Ball, location: 2F
3-2: Base on Balls
Louis Vance scores
Bill Smith to third
Ed Waddell to second
Batting: LHB Gary Powers 0-0: Ball
1-0: Foul Ball, location: 2F
1-1: Ball
2-1: Called Strike
2-2: Ball
3-2: Base on Balls
Bill Smith scores
Ed Waddell to third
Artie Turner to second
Batting: RHB Luis González 0-0: Ball
1-0: Ball
2-0: Ball
3-0: Called Strike
3-1: Foul Ball, location: 2F
3-2: Base on Balls
Ed Waddell scores
Artie Turner to third
Gary Powers to second
Batting: RHB Scott Wheeler 0-0: Ground out 4-3 (Groundball, 4M)
Artie Turner scores
Gary Powers to third
Luis González to second
Batting: LHB Edmund Stone 0-0: Called Strike
0-1: Ball
1-1: Fly out, F4 (Popup, 34)
Bottom of the 3rd over - 4 run(s), 2 hit(s), 0 error(s), 2 left on base; Creighton 2 - Maryland 4
TOP OF THE 4TH
Creighton Blue Jays batting - Pitching for Maryland Terrapins : RHP Gregory Martínez
Batting: LHB Michael Edwards 0-0: Ball
1-0: Foul Ball, location: 2F
1-1: Foul Ball, location: 2F
1-2: Strikes out looking
Batting: RHB Félix Escamilla 0-0: Ball
1-0: Ball
2-0: Called Strike
2-1: Swinging Strike
2-2: Foul Ball, location: 2F
2-2: Strikes out swinging
Batting: SHB Tom Johnson 0-0: Called Strike
0-1: SINGLE (Groundball, 34D)
Batting: LHB Randy Ortíz 0-0: Swinging Strike
0-1: Ball
1-1: Swinging Strike
1-2: Strikes out swinging
Top of the 4th over - 0 run(s), 1 hit(s), 0 error(s), 1 left on base; Creighton 2 - Maryland 4
BOTTOM OF THE 4TH
Maryland Terrapins batting - Pitching for Creighton Blue Jays : RHP Jason Jones
Batting: RHB Louis Vance 0-0: Foul Ball, location: 2F
0-1: Ball
1-1: Ground out 6-3 (Groundball, 6D)
Batting: RHB Bill Smith 0-0: Ball
1-0: Called Strike
1-1: Ball
2-1: Ball
3-1: Fly out, F8 (Flyball, 8LM)
Batting: SHB Dan Chandler 0-0: Called Strike
0-1: Ball
1-1: Ball
2-1: Ball
3-1: Called Strike
3-2: Fly out, F7 (Flyball, 7LM)
Bottom of the 4th over - 0 run(s), 0 hit(s), 0 error(s), 0 left on base; Creighton 2 - Maryland 4
TOP OF THE 5TH
Creighton Blue Jays batting - Pitching for Maryland Terrapins : RHP Gregory Martínez
Batting: RHB Matt Cole 0-0: Ball
1-0: Ball
2-0: Foul Ball, location: 2F
2-1: SINGLE (Line Drive, 4MD)
Batting: RHB Jesús López 0-0: SINGLE (Line Drive, 4MD)
Matt Cole to second
Batting: SHB Mario Trujillo 0-0: Ball
1-0: Ball
2-0: Fly out, F5 (Popup, 15)
Pitching: RHP Mike Stout
Batting: RHB Bernard Samuels 0-0: Ball
Matt Cole steals 3rd base
Jesús López to second
1-0: Ball
2-0: Called Strike
2-1: Ball
3-1: SINGLE (Line Drive, 8RS)
Matt Cole scores
Jesús López to third
Runner from 3rd tries for Home, SAFE, throw made home
Bernard Samuels to second
Batting: LHB Jonathon Terry 0-0: Called Strike
0-1: Ball
1-1: Ball
2-1: Fly out, F8 (Flyball, 8LM)
Batting: LHB Michael Edwards 0-0: Called Strike
0-1: Fly out, F7 (Flyball, 78M)
Top of the 5th over - 2 run(s), 3 hit(s), 0 error(s), 1 left on base; Creighton 4 - Maryland 4
BOTTOM OF THE 5TH
Maryland Terrapins batting - Pitching for Creighton Blue Jays : RHP Jason Jones
Pitching: RHP Stan Roberts
Batting: RHB Ed Waddell 0-0: Hit by Pitch
Batting: RHB Artie Turner 0-0: Called Strike
Ed Waddell steals 2nd base
0-1: Called Strike
0-2: Foul Ball, location: 2F
0-2: Ball
1-2: Ground out 4-3 (Groundball, 4)
Ed Waddell to third
Batting: LHB Gary Powers 0-0: Intentional Walk
Batting: RHB Luis González 0-0: Called Strike
0-1: Ball
1-1: Ball
2-1: Swinging Strike
2-2: SINGLE (Groundball, 56D)
Ed Waddell scores
Gary Powers to second
Batting: RHB Scott Wheeler 0-0: Ball
Gary Powers is caught stealing 3rd base
Luis González to second
1-0: Fly out, F4 (Line Drive, 4)
Bottom of the 5th over - 1 run(s), 1 hit(s), 0 error(s), 1 left on base; Creighton 4 - Maryland 5
TOP OF THE 6TH
Creighton Blue Jays batting - Pitching for Maryland Terrapins : RHP Mike Stout
Batting: RHB Félix Escamilla 0-0: Ball
1-0: Ball
2-0: Called Strike
2-1: Ball
3-1: Called Strike
3-2: Base on Balls
Batting: SHB Tom Johnson 0-0: 2-RUN HOME RUN (Flyball, 8LXD), Distance : 400 ft
Batting: LHB Randy Ortíz 0-0: Foul Ball, location: 2F
0-1: Called Strike
0-2: Foul Ball, location: 2F
0-2: Foul Ball, location: 2F
0-2: Ball
1-2: Foul Ball, location: 2F
1-2: Fly out, F6 (Popup, 6D)
Batting: RHB Matt Cole 0-0: Ball
1-0: Ball
2-0: Ball
3-0: Called Strike
3-1: Foul Ball, location: 2F
3-2: Base on Balls
Batting: RHB Jesús López 0-0: Called Strike
Matt Cole is caught stealing 2nd base
0-1: Ball
1-1: Foul Ball, location: 2F
1-2: Ball
2-2: Foul Ball, location: 2F
2-2: Foul Ball, location: 2F
2-2: Ball
3-2: SINGLE (Groundball, 34)
Batting: SHB Mario Trujillo 0-0: Swinging Strike
0-1: SINGLE (Groundball, 6MD)
Jesús López to second
Batting: RHB Bernard Samuels 0-0: Ball
1-0: Fly out, F6 (Popup, 5D)
Top of the 6th over - 2 run(s), 3 hit(s), 0 error(s), 2 left on base; Creighton 6 - Maryland 5
BOTTOM OF THE 6TH
Maryland Terrapins batting - Pitching for Creighton Blue Jays : RHP Stan Roberts
Batting: LHB Edmund Stone 0-0: Called Strike
0-1: Fly out, F4 (Popup, 4D)
Batting: RHB Louis Vance 0-0: SINGLE (Groundball, 34D)
Batting: RHB Bill Smith 0-0: Foul Ball, location: 2F
0-1: Called Strike
0-2: Grounds into double play, 4-6-3 (Groundball, 4)
Bottom of the 6th over - 0 run(s), 1 hit(s), 0 error(s), 0 left on base; Creighton 6 - Maryland 5
TOP OF THE 7TH
Creighton Blue Jays batting - Pitching for Maryland Terrapins : RHP Mike Stout
Batting: LHB Jonathon Terry 0-0: Called Strike
0-1: Ball
1-1: Swinging Strike
1-2: Foul Ball, location: 2F
1-2: Foul Ball, location: 2F
1-2: Foul Ball, location: 2F
1-2: Ball
2-2: Foul Ball, location: 2F
2-2: Ball
3-2: Foul Ball, location: 2F
3-2: Base on Balls
Pitching: RHP A.J. Martin
Batting: LHB Michael Edwards 0-0: Called Strike
0-1: Ball
1-1: Ground out 4-3 (Groundball, 4D)
Jonathon Terry to second
Batting: RHB Félix Escamilla 0-0: Ball
1-0: Called Strike
1-1: Swinging Strike
1-2: Ball
2-2: Ball
3-2: Strikes out looking
Batting: SHB Tom Johnson 0-0: Ball
1-0: Foul Ball, location: 2F
1-1: Foul Ball, location: 2F
1-2: Ball
2-2: Strikes out looking
Top of the 7th over - 0 run(s), 0 hit(s), 0 error(s), 1 left on base; Creighton 6 - Maryland 5
BOTTOM OF THE 7TH
Maryland Terrapins batting - Pitching for Creighton Blue Jays : RHP Stan Roberts
Pitching: LHP Tony McCullough
Batting: SHB Dan Chandler 0-0: Ball
1-0: Called Strike
1-1: Ground out 6-3 (Groundball, 6M)
Batting: RHB Ed Waddell 0-0: Ground out 6-3 (Groundball, 6MS)
Batting: RHB Artie Turner 0-0: Fly out, F7 (Flyball, 78M)
Bottom of the 7th over - 0 run(s), 0 hit(s), 0 error(s), 0 left on base; Creighton 6 - Maryland 5
TOP OF THE 8TH
Creighton Blue Jays batting - Pitching for Maryland Terrapins : RHP A.J. Martin
Batting: LHB Randy Ortíz 0-0: SINGLE (Line Drive, 89M)
Batting: RHB Matt Cole 0-0: Sac Bunt - play at first, batter OUT! 1-4
Randy Ortíz to second
Pinch Hitting: RHB Jimmy Hoffman 0-0: Called Strike
0-1: Foul Ball, location: 2F
0-2: Ball
1-2: Strikes out swinging
Pinch Hitting: SHB Steve Kirkland 0-0: Ball
1-0: Called Strike
1-1: Ball
2-1: Swinging Strike
2-2: Foul Ball, location: 2F
2-2: Ball
3-2: Strikes out swinging
Top of the 8th over - 0 run(s), 1 hit(s), 0 error(s), 1 left on base; Creighton 6 - Maryland 5
BOTTOM OF THE 8TH
Maryland Terrapins batting - Pitching for Creighton Blue Jays : LHP Tony McCullough
Now at SS: Jeffery Ivey
Now in CF: Malcolm Moreno
Batting: LHB Gary Powers 0-0: Ball
1-0: Swinging Strike
1-1: Ball
2-1: Foul Ball, location: 2F
2-2: Ball
3-2: Base on Balls
Pitching: RHP Herman Merritt
Batting: RHB Luis González 0-0: Called Strike
0-1: Foul Ball, location: 2F
0-2: Ball
1-2: Ball
2-2: Strikes out swinging
Pinch Hitting: RHB Augusto Elías 0-0: Ball
1-0: Ball
2-0: Called Strike
2-1: Fly out, F7 (Flyball, 78XD)
Batting: LHB Edmund Stone 0-0: Called Strike
0-1: Swinging Strike
0-2: Ball
1-2: Strikes out looking
Bottom of the 8th over - 0 run(s), 0 hit(s), 0 error(s), 1 left on base; Creighton 6 - Maryland 5
TOP OF THE 9TH
Creighton Blue Jays batting - Pitching for Maryland Terrapins : RHP A.J. Martin
Pitching: RHP Jim Gordon
Now in RF: Stanley Jones
Batting: RHB Bernard Samuels 0-0: Ground out 6-3 (Groundball, 6MS)
Batting: LHB Jonathon Terry 0-0: Ground out 4-3 (Groundball, 4)
Batting: LHB Michael Edwards 0-0: Called Strike
0-1: Swinging Strike
0-2: Foul Ball, location: 2F
0-2: Ball
Single, Error in OF, E8, batter to second base
Batting: RHB Félix Escamilla 0-0: Ball
1-0: Foul Ball, location: 2F
1-1: Ball
2-1: Swinging Strike
2-2: Strikes out looking
Top of the 9th over - 0 run(s), 1 hit(s), 1 error(s), 1 left on base; Creighton 6 - Maryland 5
BOTTOM OF THE 9TH
Maryland Terrapins batting - Pitching for Creighton Blue Jays : RHP Herman Merritt
Pitching: RHP Steve Smith
Now at 3B: Jared Pass
Now in LF: Paul Rainford
Batting: RHB Louis Vance 0-0: Called Strike
0-1: Fly out, F8 (Flyball, 8LM)
Batting: RHB Bill Smith 0-0: Ball
1-0: Ball
2-0: Called Strike
2-1: Swinging Strike
2-2: Ball
3-2: Strikes out swinging
Batting: SHB Dan Chandler 0-0: Ball
1-0: Fly out, F9 (Flyball, 9LM)
Bottom of the 9th over - 0 run(s), 0 hit(s), 0 error(s), 0 left on base; Creighton 6 - Maryland 5
Monday, December 5th, 2016 - OOTP Baseball 17.12 Build 75